 Dungeon Crawl Stone Soup version 0.22.0-60-ga52c2fc (webtiles) character file.

182 Anon1729 the Chopper (level 5, -5/48 HPs)
             Began as a Naga Gladiator on Sept 9, 2018.
             Killed from afar by an orc wizard (8 damage)
             ... with a puff of frost
             ... on level 3 of the Dungeon.
             The game lasted 00:05:23 (3029 turns).

Anon1729 the Chopper (Naga Gladiator)               Turns: 3029, Time: 00:05:23

Health: -5/48      AC: 11    Str: 22    XL:     5   Next: 62%
Magic:  5/5        EV:  8    Int: 17    God:
Gold:   93         SH:  0    Dex: 12    Spells: 4/4 levels left

rFire    . . .     SeeInvis +   q - -1 hand axe (curse)
rCold    . . .     Gourm    .   (no shield)
rNeg     . . .     Faith    .   z - +0 plate armour
rPois    +         Spirit   .   c - +0 helmet
rElec    .         Reflect  .   n - +1 cloak
rCorr    .         Harm     .   y - +0 pair of gloves
MR       .....                  (no barding)
Stlth    ..........             (no amulet)
HPRegen  0.16/turn              e - +3 ring of evasion
MPRegen  0.09/turn              g - +3 ring of intelligence

@: mighty, brilliant, flying, very slow
A: large, see invisible, deformed body, poison resistance, slowness 2, slow
metabolism 1, spit poison 1, AC +1
a: Spit Poison


You were on level 3 of the Dungeon.
You were not hungry.

You visited 1 branch of the dungeon, and saw 3 of its levels.

You collected 93 gold pieces.

Inventory:

Hand Weapons
 a - a +0 war axe
 q - a cursed -1 hand axe (weapon)
Missiles
 d - 2 throwing nets (quivered)
Armour
 b - a +0 leather armour
 c - a +0 helmet (worn)
 n - a +1 cloak (worn)
 y - a +0 pair of gloves (worn)
 z - a +0 plate armour (worn)
Jewellery
 e - a +3 ring of evasion (left hand)
 g - a +3 ring of intelligence (right hand)
Scrolls
 s - a scroll of fog
 t - a scroll of teleportation {unknown}
 v - a scroll of remove curse {unknown}
 x - a scroll of amnesia
Potions
 m - 2 potions of curing
 r - a potion of lignification {unknown}
 u - a potion of ambrosia {unknown}
 w - a potion of cancellation {unknown}
Comestibles
 f - 4 rations
 h - 12 chunks of flesh


   Skills:
 + Level 2.9 Fighting
 * Level 4.5 Axes
 - Level 2.0 Throwing
 + Level 1.7 Armour
 - Level 3.0 Dodging


You had 4 spell levels left.
You didn't know any spells.
Your spell library was empty.

Dungeon Overview and Level Annotations

Branches:
Dungeon (3/15)

Altars:


Innate Abilities, Weirdness & Mutations

You cannot wear boots.
Your serpentine skin is tough. (AC +1)
You have supernaturally acute eyesight. (SInv)
Armour fits poorly on your strangely shaped body.
Your system is resistant to poisons. (rPois)
You cover ground very slowly.
You have a slow metabolism.
You can spit poison.


Message History

Unknown command.
You barely miss the orc priest. You barely miss the adder.
You hit the orc wizard.
The orc wizard hits you but does no damage.
The adder bites you.
* * * LOW HITPOINT WARNING * * *
The orc priest hits you but does no damage.
The orc wizard completely misses you. The adder barely misses you.
Unknown command.
You closely miss the orc priest. You closely miss the adder.
You hit the orc wizard. The orc priest closely misses you.
The orc wizard hits you but does no damage.
The adder bites you.
* * * LOW HITPOINT WARNING * * *
Unknown command.
Your plate armour prevents you from hitting the orc priest.
You closely miss the orc wizard. You hit the adder.
The orc wizard points at you and mumbles some strange words.
The puff of frost hits you!
You die...

..........######
########........
#.######.
###.#######
#..)..o...#
#.#.#####.#
#.#.. #.# # ##(
#.####### ..
#.#@o...#
#..###.#So...#
#............#
####.#.#.....#
.....#.....#
###.######### #.
#


You could see an orc priest, an orc wizard (invisible) and an adder.

Vanquished Creatures
  4 gnolls
  4 adders
  A shadow imp (D:3)
  An ooze (D:1)
  2 worms (D:2)
  3 leopard geckos
  5 orcs (D:3)
  9 bats
  6 giant cockroaches
  10 hobgoblins
  5 jackals
  10 kobolds
  3 ball pythons (D:2)
  4 frilled lizards
  9 goblins
  9 rats
85 creatures vanquished.

Notes
Turn   | Place    | Note
-------+----------+-------------------------------------------
     0 | D:1      | Anon1729 the Naga Gladiator began the quest for the Orb.
     0 | D:1      | Reached XP level 1. HP: 19/19 MP: 1/1
   333 | D:1      | Reached XP level 2. HP: 14/26 MP: 2/2
  1401 | D:1      | Reached XP level 3. HP: 31/32 MP: 3/3
  1757 | D:1      | Reached skill level 1 in Armour
  1949 | D:1      | Reached XP level 4. HP: 25/40 MP: 4/4
  2204 | D:2      | Reached skill level 4 in Axes
  2382 | D:2      | Reached XP level 5. HP: 46/46 MP: 5/5
  3029 | D:3      | Killed from afar by an orc wizard

Skill      XL: |  1  2  3  4 |
---------------+-------------+-----
Throwing       | 2 |  2.0
Armour         | 1 |  1.7
Axes           | 4 |  4.5
Dodging        | 3 |  3.0
Fighting       | |  2.9

Action                   |  1- 3 |  4- 6 || total
-------------------------+-------+-------++-------
Melee: War axe           |    81 |    80 ||   161
       Hand axe          |       |    60 ||    60
Throw: Throwing net      |     1 |     1 ||     2
 Abil: Spit Poison       |    15 |     8 ||    23
  Use: Scroll            |       |     6 ||     6
       Potion            |       |     4 ||     4
  Eat: Chunk             |     3 |     3 ||     6
Armor: Leather armour    |    26 |    36 ||    62
       Plate armour      |       |    45 ||    45
Dodge: Dodged            |    89 |   101 ||   190
